 Dungeon Crawl Stone Soup version 0.28-a0-802-g09f76e8c00 (webtiles) character file.

Game seed: 11423516295484368461

1558 vurker the Gusty (level 8, -7/54 HPs)
             Began as an Octopode Air Elementalist on Nov 6, 2021.
             Killed from afar by an electric eel (13 damage)
             ... with a bolt of electricity
             ... on level 6 of the Dungeon.
             The game lasted 00:07:58 (6825 turns).

vurker the Gusty (Octopode Air Elementalist)        Turns: 6825, Time: 00:07:58

Health: -7/54      AC:  1    Str:  7    XL:     8   Next: 88%
Magic:  2/17       EV: 13    Int: 20    God:
Gold:   207        SH:  0    Dex: 12    Spells: 14/19 levels left

rFire   . . .      SeeInvis .   r - +3 dagger (venom)
rCold   . . .      Faith    .   (no shield)
rNeg    + . .      Spirit   .   (helmet restricted)
rPois   .          Reflect  .   c - amulet of regeneration
rElec   .          Harm     .   d - ring of positive energy
rCorr   +          Rampage  .   o - ring of resist corrosion
Will    .....                   (no ring)
Stlth   +++.......              (no ring)
HPRegen 1.18/turn               (no ring)
MPRegen 0.15/turn               (no ring)
                                (no ring)
                                (no ring)

@: about to teleport, mesmerised, very slightly contaminated
A: almost no armour, amphibious, 8 rings, camouflage 1, gelatinous body 1,
(nimble swimmer 1), tentacles
a: no special abilities


You were on level 6 of the Dungeon.
You visited 2 branches of the dungeon, and saw 7 of its levels.

You collected 207 gold pieces.

Inventory:

Hand Weapons
 r - a +3 dagger of venom (weapon)
   (You took it off Ijyb on level 4 of the Dungeon)
Missiles
 k - a throwing net
Magical Staves
 f - a staff of earth
   (You found it on level 1 of the Dungeon)
 g - a staff of death
   (You found it on level 6 of the Dungeon)
Jewellery
 c - an amulet of regeneration (around mantle)
   (You found it on level 1 of the Dungeon)
 d - a ring of positive energy (left tentacle)
   (You found it on level 1 of the Dungeon)
 o - a ring of resist corrosion (right tentacle)
   (You found it on level 4 of the Dungeon)
Wands
 t - a wand of flame (14)
   (You took it off Natasha on level 2 of the Dungeon)
 v - a wand of digging (8)
   (You took it off Ijyb on level 4 of the Dungeon)
Scrolls
 h - a scroll of magic mapping
 j - a scroll of amnesia
Potions
 a - 2 potions of brilliance
 e - a potion of attraction
 i - a potion of flight
 l - a potion of cancellation
 m - a potion of heal wounds {unknown}
 p - a potion of lignification
 q - 3 potions of curing


   Skills:
 + Level 4.1 Fighting
 - Level 2.0 Dodging
 - Level 2.6 Stealth
 * Level 6.0 Spellcasting
 + Level 4.4 Conjurations
 * Level 6.9 Air Magic


You had 14 spell levels left.
You knew the following spells:

 Your Spells              Type           Power      Damage    Failure   Level
a - Shock                 Conj/Air       100%       1d9       1%          1
c - Airstrike             Air            16%        N/A       6%          4

Your spell library contained the following spells:

 Spells                   Type           Power      Damage    Failure   Level
 Static Discharge         Conj/Air       28%        N/A       1%          2
 Swiftness                Air            33%        N/A       1%          3
 Freeze                   Ice            24%        1d5       11%         1
 Conjure Flame            Conj/Fire      14%        6-21      13%         3
 Frozen Ramparts          Ice            12%        1d3       30%         3
 Ignite Poison            Fire/Tmut/Pois 6%         N/A       30%         3
 Hailstorm                Conj/Ice       14%        3d5       38%         4
 Sticky Flame             Conj/Fire      14%        2d4       38%         4


Dungeon Overview and Level Annotations

Branches:
Dungeon (6/15)             Temple (1/1) D:6

Altars:
Ashenzari
Cheibriados
Dithmenos
Elyvilon
Hepliaklqana
Makhleb
Ru
Trog
Xom
Yredelemnul
Zin
Beogh
Lugonu

Annotations:
D:4 3 runed translucent doors, amoeba's ghost, amateur MiFi
D:6 Maggie


Innate Abilities, Weirdness & Mutations

You cannot wear most types of armour.
You are amphibious.
You can wear up to eight rings at the same time.
Your skin changes colour to match your surroundings (Stealth+).
Your rubbery body absorbs attacks. (AC +1, EV +1)
((You are camouflaged near water. (Stealth+)))
You have tentacles for arms and can constrict up to eight enemies at once.


Message History

There is a stone staircase leading down here.
You start resting.
You climb downwards.
Level annotation: Maggie Maggie points at you and mumbles some strange words.
The bolt of fire hits you!!
There is a stone staircase leading up here.
Aim: Maggie, wielding a +1 broad axe of flaming, wearing +0 acid dragon scales and carrying a wand of mindburst (6) (lightly wounded, empty space bonus: 3/8)
You miscast Airstrike.
You are very lightly contaminated with residual magic.
You feel a sudden electric shock.
* * * LOW HITPOINT WARNING * * *
Maggie casts a spell.
Maggie attempts to bespell you! You resist.
Aim: Maggie, wielding a +1 broad axe of flaming, wearing +0 acid dragon scales and carrying a wand of mindburst (6) (lightly wounded, empty space bonus: 3/8)
The air twists around and strikes Maggie!
Maggie zaps a wand.
You struggle to resist.
Aim: Maggie, wielding a +1 broad axe of flaming, wearing +0 acid dragon scales and carrying a wand of mindburst (5) (moderately wounded, empty space bonus: 3/8)
The air twists around and strikes Maggie.
Maggie casts a spell.
Maggie attempts to bespell you!
You are mesmerised by Maggie!
Unknown command.
Aim: Maggie, wielding a +1 broad axe of flaming, wearing +0 acid dragon scales and carrying a wand of mindburst (5) (moderately wounded, mesmerising, empty space bonus: 3/8)
The air twists around and strikes Maggie!
Maggie points at you and mumbles some strange words.
The bolt of fire misses you.
Aim: Maggie, wielding a +1 broad axe of flaming, wearing +0 acid dragon scales and carrying a wand of mindburst (5) (heavily wounded, mesmerising, 68% to hit)
The puff of flame misses Maggie.
Aim: Maggie, wielding a +1 broad axe of flaming, wearing +0 acid dragon scales and carrying a wand of mindburst (5) (heavily wounded, mesmerising, 68% to hit)
The puff of flame hits Maggie.
Maggie points at you and mumbles some strange words.
The bolt of fire misses you.
The tree burns like a torch!
An electric eel comes into view.
Aim: Maggie, wielding a +1 broad axe of flaming, wearing +0 acid dragon scales and carrying a wand of mindburst (5) (heavily wounded, mesmerising, 68% to hit)
The puff of flame hits Maggie!
Maggie gestures at you while chanting. The bolt of fire hits you!!
Ouch! That really hurt!
* * * LOW HITPOINT WARNING * * *
You cannot move away from Maggie!
Unknown command.
Okay, then.
Okay, then.
As you read the scroll of teleportation, it crumbles to dust.
You feel strangely unstable.
The electric eel shoots out a bolt of lightning at you!
The bolt of electricity hits you!
You die...

*,,,,,,,,,,,,,,,,,
***≈♣≈≈≈..,≈,≈,,,,,,
*≈≈≈≈≈≈≈≈≈≈≈≈,,≈,≈,,
*≈≈≈≈≈S≈≈≈≈≈≈≈≈≈≈*>*
**≈≈≈≈≈≈≈≈≈≈≈≈≈≈≈*,*
#♣♣§§≈≈≈≈≈≈≈≈≈≈**,*
#.§§*≈≈≈≈≈≈≈≈≈≈**,*
#.§#****≈≈≈≈≈≈≈**,*
#.@# *≈***≈****,*
#..########******,,
#..........,,,,,,,*
#.#########******,*
#@# *,* #.########*
*,* #.........* *,,
#########.* *,, *,*
*,,


You could see Maggie (mesmerising) and an electric eel.

Vanquished Creatures
  A centaur zombie (D:6)
  A hornet (D:4)
  An ice beast (D:6)
  A necrophage (D:4)
  An ogre (D:4)
  2 phantoms (D:6)
  Blork the orc (D:4)
  A scorpion (D:5)
  An electric eel (D:6)
  2 hounds (D:5)
  An iguana (D:6)
  Ijyb (D:4)
  A bullfrog skeleton (D:4)
  Natasha (thrice) (D:2)
  2 orc wizards (D:4)
  6 gnolls
  5 adders
  A shadow imp (D:6)
  An adder skeleton (D:4)
  4 worms
  A dart slug (D:2)
  5 orcs
  6 ball pythons
  5 endoplasms
  2 giant cockroaches
  7 goblins
  7 hobgoblins
  5 jackals (D:2)
  4 quokkas
  13 bats
  A frilled lizard (D:2)
  6 kobolds
  5 rats
104 creatures vanquished.

Vanquished Creatures (others)
  13 plants (D:6)
13 creatures vanquished.

Grand Total: 117 creatures vanquished

Notes
Turn   | Place    | Note
-------+----------+-------------------------------------------
     0 | D:1      | vurker the Octopode Air Elementalist began the quest for
                  | the Orb.
     0 | D:1      | Reached XP level 1. HP: 11/11 MP: 3/3
   379 | D:1      | Reached XP level 2. HP: 17/17 MP: 0/5
   949 | D:1      | Found a faded altar of an unknown god.
  1312 | D:2      | Reached XP level 3. HP: 22/22 MP: 2/6
  1527 | D:2      | Reached skill level 1 in Fighting
  1959 | D:2      | Noticed Natasha
  1964 | D:2      | Killed Natasha
  1965 | D:2      | Reached XP level 4. HP: 25/28 MP: 2/8
  2297 | D:2      | Found a shimmering altar of Xom.
  2680 | D:2      | Noticed Natasha
  2687 | D:2      | Killed Natasha
  2688 | D:2      | Reached XP level 5. HP: 19/33 MP: 2/9
  2715 | D:2      | Noticed Natasha
  2731 | D:2      | Killed Natasha
  2813 | D:2      | Learned a level 4 spell: Airstrike
  3551 | D:3      | Reached XP level 6. HP: 27/39 MP: 4/11
  3775 | D:4      | Noticed Blork the orc
  3789 | D:4      | Killed Blork the orc
  4090 | D:4      | Noticed a necrophage
  4103 | D:4      | Killed a necrophage
  4104 | D:4      | Reached skill level 5 in Air Magic
  4104 | D:4      | Reached XP level 7. HP: 45/45 MP: 5/13
  4213 | D:4      | Noticed a hornet
  4223 | D:4      | Killed a hornet
  4432 | D:4      | Noticed Ijyb
  4438 | D:4      | Killed Ijyb
  4490 | D:4      | Found a burning altar of Makhleb.
  4766 | D:4      | Found a runed translucent gate.
  4767 | D:4      | Found a runed translucent gate.
  4768 | D:4      | Found a runed translucent gate.
  4770 | D:4      | Noticed amoeba's ghost (amateur MiFi)
  4772 | D:4      | Identified the +1 leather armour "Caimu" {Will+ rCorr}
  4882 | D:5      | Entered Level 5 of the Dungeon
  4886 | D:5      | Reached skill level 5 in Spellcasting
  4886 | D:5      | Reached XP level 8. HP: 52/52 MP: 11/15
  5121 | D:5      | Found a broken altar of Ashenzari.
  5593 | D:5      | Found a sacrificial altar of Ru.
  5625 | D:5      | Found a snail-covered altar of Cheibriados.
  6171 | D:6      | Found a staircase to the Ecumenical Temple.
  6180 | Temple   | Entered the Ecumenical Temple
  6625 | D:6      | Noticed a boulder beetle
  6789 | D:6      | Noticed Maggie
  6825 | D:6      | Killed from afar by an electric eel

Illustrated notes

Levels and vault maps discovered:
D:1:      wheals_arrival_shading, layout_basic,
          shapermc_ecumenical_altar_mp_highgroup
D:2:      layout_basic, basic_altar, chequers_hall_statues_wall_a,
          hangedman_decor_push, dk_noncrumbling_2, uniq_natasha
D:3:      layout_basic
D:4:      layout_loops_ring, bloody_makhleb, biasface_ghost_orc_armoury,
          kennysheep_generic_room_13, uniq_ijyb, uniq_blork_the_orc
D:5:      layout_basic, nicolae_overflow_crystal_walls,
          mainiacjoe_overflow_brackets, cheibrodos_worm_habitat,
          minmay_misc_feat_roman, minivault_1
D:6:      layout_loops_ring, minmay_temple_entry_statues_fountains,
          serial_bayou, serial_bayou_pond_d, serial_bayou_lagoon_b,
          serial_bayou_shore_a, serial_bayou_ford_a, kennysheep_generic_room_16,
          uniq_maggie
Temple:   corrupted_temple

Skill      XL: |  1  2  3  4  5  6  7  8 |
---------------+-------------------------+-----
Fighting       | 1 2 3 4 |  4.1
Conjurations   | 2 3 4 |  4.4
Spellcasting   | 3 4 5 6 |  6.0
Air Magic      | 4 5 6 |  6.9
Dodging        | |  2.0
Stealth        | |  2.6

Action                   |  1- 3 |  4- 6 |  7- 9 || total
-------------------------+-------+-------+-------++-------
Melee: Unarmed           |     7 |       |       ||     7
       Constrict         |    10 |     3 |     1 ||    14
       Tentacles         |     4 |     4 |     4 ||    12
       Dagger            |    26 |    11 |    12 ||    49
 Cast: Shock             |    72 |   104 |    32 ||   208
       Airstrike         |       |       |    32 ||    32
Evoke: Wand              |       |       |     4 ||     4
  Use: Scroll            |       |     5 |     8 ||    13
       Potion            |       |       |     1 ||     1
 Stab: Sleeping          |     1 |       |     1 ||     2
Armor: Skin              |     6 |     1 |    12 ||    19
Dodge: Dodged            |    30 |    19 |    22 ||    71

Table legend: (Time is in decaauts)
 A = Elapsed time spent in this place.
 B = Non-inter-level travel time spent in this place.
 C = Inter-level travel time spent in this place.
 D = Time resting spent in this place.
 E = Time spent auto-exploring this place.
 F = Levels seen in this place.
 G = Mean time per level.
                   A        B        C        D        E       F      G
               +--------+--------+--------+--------+--------+-----+--------+
         Total |   6828 |   6510 |    318 |    106 |   5641 |   7 |  975.4 |
       Dungeon |   6781 |   6475 |    306 |    106 |   5612 |   6 | 1130.2 |
        Temple |     46 |     34 |     12 |      0 |     29 |   1 |   46.0 |
               +--------+--------+--------+--------+--------+-----+--------+

Top non-repeatable levels by time:
     D:2: 1603 daAuts
     D:1: 1221 daAuts
     D:4: 1173 daAuts
     D:5: 1095 daAuts
     D:3: 948 daAuts
     D:6: 738 daAuts
  Temple: 46 daAuts
